 Dungeon Crawl Stone Soup version 0.30-a0-137-gd8773701ce (webtiles) character file.

Game seed: 11144390035390877258

49 Julmuri the Grave Robber (level 3, 19/19 HPs)
             Began as a Deep Elf Necromancer on Sept 22, 2022.
             Quit the game on level 2 of the Dungeon on Sept 23, 2022.
             The game lasted 00:12:02 (1404 turns).

Julmuri the Grave Robber (Deep Elf Necromancer)     Turns: 1404, Time: 00:12:02

Health: 19/19      AC:  2    Str:  5    XL:     3   Next: 51%
Magic:  9/9        EV: 13    Int: 21    God:
Gold:   144        SH:  0    Dex: 15    Spells: 7/8 levels left

rFire   . . .      SeeInvis .    f - +0 dagger
rCold   . . .      Faith    .    (no shield)
rNeg    . . .      Spirit   .    q - +0 robe
rPois   .          Reflect  .    (no helmet)
rElec   .          Harm     .    (no cloak)
rCorr   .          Rampage  .    (no gloves)
Will    .....                    (no boots)
Stlth   ++........               (no amulet)
HPRegen 0.06/turn                (no ring)
MPRegen 0.11/turn                (no ring)

@: no status effects
A: no striking features
a: no special abilities


You were on level 2 of the Dungeon.
You visited 1 branch of the dungeon, and saw 2 of its levels.

You collected 144 gold pieces.

Inventory:

Hand Weapons
 f - a +0 dagger (weapon)
 p - a +0 sling
Missiles
 c - 3 javelins
 i - 5 boomerangs
Armour
 a - a +0 robe
 q - a +0 robe (worn)
Scrolls
 e - 5 scrolls of identify {unknown}
 g - a scroll of butterflies {unknown}
 h - a scroll of magic mapping {unknown}
 k - a scroll of poison {unknown}
 o - a scroll of amnesia {unknown}
Potions
 b - a potion of magic
 d - 2 potions of mutation {unknown}
 j - a potion of brilliance {unknown}
 l - a potion of attraction {unknown}
 m - a potion of lignification {unknown}
 n - a potion of might {unknown}


   Skills:
 + Level 0.1 Throwing
 + Level 3.0 Dodging
 + Level 2.7 Stealth
 + Level 0.3 Unarmed Combat
 + Level 3.4 Spellcasting
 + Level 5.7 Necromancy


You had 7 spell levels left.
You knew the following spells:

 Your Spells              Type           Power      Damage    Failure   Level
a - Necrotise             Necr           100%       1d9       1%          1

Your spell library contained the following spells:

 Spells                   Type           Power      Damage    Failure   Level
 Vampiric Draining        Necr           27%        2d7       3%          3
 Animate Dead             Necr           27%        N/A       12%         4
 Agony                    Necr           27%        N/A       34%         5


Dungeon Overview and Level Annotations

Branches:
Dungeon (2/15)

Altars:

Shops:
D:1 [


Message History

Aim: a worm (heavily wounded, chance to affect: 88%)
The worm writhes in agony.
Aiming: Necrotise (safe; 1% risk of failure)
Press: ? - help, Q - select action, (/) - cycle Shift-Dir - straight line, f/p - worm
Aim: a worm (severely wounded, chance to affect: 88%)
The worm writhes in agony!
You kill the worm!
You see here a worm corpse.
Found a club.
An adder comes into view.
Found 2 stones.
Aiming: Necrotise (safe; 1% risk of failure)
Press: ? - help, Q - select action, (/) - cycle Shift-Dir - straight line, f - adder
Aim: an adder (asleep, chance to affect: 88%)
The adder hisses angrily.
The adder writhes in agony!
Aiming: Necrotise (safe; 1% risk of failure)
Press: ? - help, Q - select action, (/) - cycle Shift-Dir - straight line, f/p - adder
Aim: an adder (almost dead, chance to affect: 88%)
The adder writhes in agony.
You kill the adder!
The dead are slithering!
Found a robe.
Aiming: Necrotise (safe; 1% risk of failure)
Press: ? - help, Q - select action, (/) - cycle Shift-Dir - straight line, f - endoplasm
Aim: an endoplasm (asleep, ally target, chance to affect: 93%)
The endoplasm quivers.
The endoplasm writhes in agony!
You kill the endoplasm!
Your adder skeleton crumbles into dust!
You see here a +0 robe.
q - a +0 robe You start removing your armour.
You continue taking off your +0 robe. x4
You finish taking off your +0 robe.
You start putting on your armour.
You continue putting on your +0 robe. x5
You finish putting on your +0 robe.
Unknown command.
Welcome back, Julmuri the Deep Elf Necromancer.
Press ? for a list of commands and other information.
Are you sure you want to abandon this character and quit the game? (Confirm with "yes".)

#...#.##........
######...#>....####..
......#..............
#.....##..........#..
####..... #..........+.#
####........ #..........#.#
#.......############.......
#................# #.......
#.........@......# #.......
#...#...######...# #.......
#.. #...# .# # #...##
##...# # #...## .. ##...##
.... ##...## #... ##...#
#...


There were no monsters in sight!

Vanquished Creatures
  An adder (D:2)
  3 worms (D:2)
  6 endoplasms
  2 giant cockroaches (D:1)
  A goblin (D:1)
  4 hobgoblins
  2 jackals (D:1)
  A kobold (D:1)
  A quokka (D:1)
  A ball python (D:2)
  3 bats (D:1)
  2 frilled lizards (D:2)
  A rat (D:1)
28 creatures vanquished.

Vanquished Creatures (others)
  A fungus (D:2)
1 creature vanquished.

Grand Total: 29 creatures vanquished

Notes
Turn   | Place    | Note
-------+----------+-------------------------------------------
     0 | D:1      | Julmuri the Deep Elf Necromancer began the quest for the
                  | Orb.
     0 | D:1      | Reached XP level 1. HP: 10/10 MP: 6/6
   177 | D:1      | Reached skill level 5 in Necromancy
   229 | D:1      | Reached XP level 2. HP: 15/15 MP: 6/8
   328 | D:1      | Found Qinny's Antique Armour Boutique.
   887 | D:2      | Found a faded altar of an unknown god.
   892 | D:2      | Reached XP level 3. HP: 19/19 MP: 7/9
  1404 | D:2      | Quit the game

Illustrated notes

Levels and vault maps discovered:
D:1:      ncdulo_lavacross, layout_rooms, serial_shops, shop,
          minmay_misc_feat_pillars, grunt_decor_junction
D:2:      layout_basic, serial_curves, eino_curves_02, eino_curves_01,
          eino_curves_01, ebering_ecumenical_altar_rust,
          dreamdust_mushroom_princess, kennysheep_decorative_pillar,
          minmay_misc_feat_x, dk_noncrumbling_3

Skill      XL: |  1  2  3 |
---------------+----------+-----
Necromancy     | 5 |  5.7
Dodging        | 3 |  3.0
Throwing       | |  0.1
Stealth        | |  2.7
Unarmed Combat | |  0.3
Spellcasting   | |  3.4

Action                   || total
-------------------------++-------
Melee: Unarmed           ||    19
       Dagger            ||     7
       Punch             ||     1
Throw: Javelin           ||     3
 Cast: Necrotise         ||    51
Armor: Robe              ||    15
Dodge: Dodged            ||    40

Table legend: (Time is in decaauts)
 A = Elapsed time spent in this place.
 B = Non-inter-level travel time spent in this place.
 C = Inter-level travel time spent in this place.
 D = Time resting spent in this place.
 E = Time spent auto-exploring this place.
 F = Levels seen in this place.
 G = Mean time per level.
                   A        B        C        D        E       F      G
               +--------+--------+--------+--------+--------+-----+--------+
         Total |   1407 |   1407 |      0 |     83 |    790 |   2 |  703.5 |
       Dungeon |   1407 |   1407 |      0 |     83 |    790 |   2 |  703.5 |
               +--------+--------+--------+--------+--------+-----+--------+

Top non-repeatable levels by time:
     D:2: 745 daAuts
     D:1: 662 daAuts
